 Dungeon Crawl Stone Soup version 0.32-a0-791-gfc315c9ecd (webtiles) character file.

Game seed: 1782559479155833038

17 BigDaddyOpFi the Trooper (level 2, -9/24 HPs)
             Began as a Coglin Fighter on Mar 20, 2024.
             Killed by an exploding kobold (33 damage)
             ... ignited by their inner flame
             ... on level 2 of the Dungeon.
             The game lasted 00:00:50 (954 turns).

BigDaddyOpFi the Trooper (Coglin Fighter)            Turns: 954, Time: 00:00:51

Health: -9/24      AC:  6    Str: 16    XL:     2   Next: 62%
Magic:  2/2        EV:  8    Int:  7    God:
Gold:   61         SH:  0    Dex: 13    Spells: 1/1 levels left

rFire   . . .        a - +0 war axe {Gurmehar}
rCold   . . .        h - +0 hand axe {Seojun}
rNeg    . . .        b - +0 scale mail
rPois   .            (no helmet)
rElec   .            (no cloak)
rCorr   .            (no gloves)
SInv    .            (no boots)
Will    .....        (amulet unavailable) Stlth
                     (ring unavailable)
HPRegen 0.24/turn    (ring unavailable)
MPRegen 0.08/turn    (no gizmo)

%: no passive effects
@: weak-willed, revving
A: off-hand wielding, slow wielding, warmup strikes, no jewellery
a: Invent Gizmo


You were on level 2 of the Dungeon.
You visited 1 branch of the dungeon, and saw 2 of its levels.

You collected 61 gold pieces.

Inventory:

Hand Weapons
 a - a +0 war axe (weapon) {Gurmehar}
 h - a +0 hand axe (offhand) {Seojun}
Armour
 b - a +0 scale mail (worn)
 c - a +0 buckler
Scrolls
 j - 2 scrolls of vulnerability
Potions
 d - 2 potions of might
 e - a potion of attraction {unknown}
 i - a potion of degeneration {unknown}
 k - a potion of lignification {unknown}


   Skills:
 + Level 3.2 Fighting
 + Level 2.3 Axes
 + Level 2.9 Armour
 + Level 2.3 Shields


You had one spell level left.
You didn't know any spells.
Your spell library was empty.

Dungeon Overview and Level Annotations

Branches:
Dungeon (2/15)

Altars:

Shops:
D:1 (


Innate Abilities, Weirdness & Mutations

You can wield a second weapon in your off-hand.
It takes a long time for you to wield or remove held weapons.
Your first few attacks do less damage.
You cannot equip rings or amulets.


Message History

No target in view!
Partly explored, can't reach some places.
No target in view!
Partly explored, can't reach some places.
No target in view!
Partly explored, can't reach some places.
No target in view!
You enter the shallow water.
Moving in this stuff is going to be slow.
Things that are here:
a +0 club; a goblin skeleton
There is a stone staircase leading down here.
You climb downwards.
The ball python hisses angrily.
There is a stone staircase leading up here.
A ball python is nearby!
A ball python is nearby!
A ball python is nearby!
The ball python bites you but does no damage.
The ball python grabs you. The ball python constricts you.
A ball python is nearby!
You barely miss the ball python with your +0 hand axe.
You slash the ball python with your +0 war axe!
You kill the ball python!
A kobold comes into view. It is wielding a +0 short sword.
The kobold shouts!
Found a stone staircase leading up.
As you read the scroll labelled ICWAACRU NYACS, it crumbles to dust.
A wave of despondency washes over your surroundings.
It was a scroll of vulnerability.
As you read the scroll labelled JIQEREPAID, it crumbles to dust.
The creatures around you are filled with an inner flame!
It was a scroll of immolation.
The kobold hits you but does no damage.
As you read the scroll labelled MUWOTZ CEANY, it dissolves into smoke.
It was a scroll of fog.
The kobold hits you but does no damage.
You slash the kobold with your +0 war axe!
The kobold explodes!
The fiery explosion engulfs you!!
Ouch! That really hurt!
You die...

.. #.### ....#
...## ....##
#########§...####
<....§§@§§......+
.########§...###
#.#.## #.#######
#.......#
#.......#####+
#.............
#..†..<.###
#.......#


There were no monsters in sight!

Vanquished Creatures
  2 ball pythons
  2 endoplasms (D:1)
  A giant cockroach (D:1)
  3 goblins (D:1)
  A hobgoblin (D:1)
  A quokka (D:1)
  2 bats (D:1)
  3 frilled lizards (D:1)
  2 kobolds
  A rat (D:1)
18 creatures vanquished.

Notes
Turn   | Place    | Note
-------+----------+-------------------------------------------
     0 | D:1      | BigDaddyOpFi the Coglin Fighter began the quest for the
                  | Orb.
     0 | D:1      | Reached XP level 1. HP: 18/18 MP: 1/1
   340 | D:1      | Reached XP level 2. HP: 24/24 MP: 2/2
   505 | D:1      | Found a faded altar of an unknown god.
   592 | D:1      | Found Souliwei's Antique Weapon Boutique.
   954 | D:2      | Killed by an exploding kobold... ignited by their inner
                  | flame

Illustrated notes

Levels and vault maps discovered:
D:1:      ldierk_walled_garden_2, layout_basic, serial_shops,
          nicolae_shop_gibbet_a_chance,
          shapermc_ecumenical_altar_mp_ritualfount, chequers_big_river
D:2:      layout_loops_corners, basic_altar

Action                     || total
---------------------------++-------
  Melee: War axe           ||    36
         Hand axe          ||    21
    Use: Scroll            ||     3
 Armour: Scale mail        ||    22
  Dodge: Dodged            ||    12
  Block: Buckler           ||     4

Table legend: (Time is in decaauts)
 A = Elapsed time spent in this place.
 B = Non-inter-level travel time spent in this place.
 C = Inter-level travel time spent in this place.
 D = Time resting spent in this place.
 E = Time spent auto-exploring this place.
 F = Levels seen in this place.
 G = Mean time per level.
                   A        B        C        D        E       F      G
               +--------+--------+--------+--------+--------+-----+--------+
         Total |    994 |    970 |     24 |      0 |    781 |   2 |  497.0 |
       Dungeon |    994 |    970 |     24 |      0 |    781 |   2 |  497.0 |
               +--------+--------+--------+--------+--------+-----+--------+

Top non-repeatable levels by time:
     D:1: 979 daAuts
     D:2: 15 daAuts
